 Dungeon Crawl Stone Soup version 0.29.1-2-gbd0b4ee654 (webtiles) character file.

Game seed: 3436669336975082673

3810 DildoBatman the Frost Mage (level 10, -6/74 HPs)
             Began as a Formicid Conjurer on Nov 8, 2022.
             Was a Believer of Kikubaaqudgha.
             Mangled by a yak (13 damage)
             ... on level 7 of the Dungeon.
             The game lasted 00:26:02 (7471 turns).

DildoBatman the Frost Mage (Formicid Conjurer)      Turns: 7471, Time: 00:26:03

Health: -6/74      AC: 12    Str: 12    XL:     10   Next: 39%
Magic:  2/20       EV: 13    Int: 18    God:    Kikubaaqudgha [**....]
Gold:   480        SH:  0    Dex: 16    Spells: 17/23 levels left

rFire   . . .      SeeInvis +   b - staff of cold
rCold   + . .      Faith    .   (no shield)
rNeg    . . .      Spirit   .   R - +0 steam dragon scales
rPois   +          Reflect  .   (helmet unavailable)
rElec   .          Harm     .   q - +0 cloak
rCorr   .          Rampage  .   (no gloves)
Will    +....                   i - +0 pair of boots
Stlth   ++........              (no amulet)
HPRegen 0.22/turn               p - +4 ring of protection
MPRegen 0.17/turn               t - ring of poison resistance

@: freezing walls
A: permanent stasis, dig shafts and tunnels, antennae 3, four strong arms
a: Dig, Shaft Self, Renounce Religion, Unearth Wretches


You were on level 7 of the Dungeon.
You worshipped Kikubaaqudgha.
Kikubaaqudgha was pleased with you.
You visited 2 branches of the dungeon, and saw 12 of its levels.

You collected 529 gold pieces.
You spent 49 gold pieces at shops.

Inventory:

Hand Weapons
 a - a +3 mace of freezing
 c - a +0 sling
Missiles
 e - 12 boomerangs
 g - 68 stones
 n - 2 atropa-tipped darts
 F - 18 poisoned darts
Armour
 i - a +0 pair of boots (worn)
 q - a +0 cloak (worn)
 R - +0 steam dragon scales (worn)
Magical Staves
 b - a staff of cold (weapon)
Jewellery
 p - a +4 ring of protection (left hand)
 t - a ring of poison resistance (right hand)
 u - a ring of willpower
 J - an amulet of guardian spirit
Wands
 K - a wand of iceblast (9)
 Q - a wand of flame (15)
 S - a wand of mindburst (7)
 T - a wand of acid (2)
Scrolls
 f - a scroll of amnesia {unknown}
 l - 5 scrolls of fog
 m - 2 scrolls of vulnerability {unknown}
 o - 3 scrolls of enchant weapon
 r - a scroll of immolation {unknown}
 s - a scroll of brand weapon {unknown}
 x - a scroll of poison {unknown}
 y - 2 scrolls of summoning
 z - 3 scrolls of identify
 D - a scroll of noise {unknown}
 G - 2 scrolls of fear {unknown}
 H - 2 scrolls of acquirement {unknown}
Potions
 d - 4 potions of curing
 h - 2 potions of magic
 j - a potion of flight {unknown}
 k - a potion of resistance {unknown}
 v - a potion of invisibility {unknown}
 w - a potion of brilliance {unknown}
 A - a potion of lignification {unknown}
 B - 2 potions of ambrosia
 C - a potion of heal wounds {unknown}
 E - a potion of mutation {unknown}
 L - a potion of attraction {unknown}
 M - a potion of haste
 N - a potion of degeneration {unknown}
 O - a potion of berserk rage {unknown}


   Skills:
 - Level 5.0 Fighting
 - Level 5.0 Armour
 - Level 3.0 Dodging
 - Level 2.4 Stealth
 - Level 7.0 Spellcasting
 - Level 6.0 Conjurations
 * Level 4.0 Necromancy
 - Level 8.0 Ice Magic


You had 17 spell levels left.
You knew the following spells:

 Your Spells              Type           Power      Damage    Failure   Level
a - Searing Ray           Conj           54%        2d6       1%          2
b - Frozen Ramparts       Ice            100%       1d16      1%          3
c - Magic Dart            Conj           100%       1d8       1%          1

Your spell library contained the following spells:

 Spells                   Type           Power      Damage    Failure   Level
 Freeze                   Ice            100%       1d11      1%          1
 Necrotise                Necr           80%        1d8       1%          1
 Vampiric Draining        Necr           20%        2d7       6%          3
 Hailstorm                Conj/Ice       47%        3d11      6%          4
 Dazzling Flash           Conj/Hex       34%        N/A       10%         3
 Animate Dead             Necr           20%        N/A       21%         4
 Fulminant Prism          Conj/Hex       8%         3d7       30%         4
 Iskenderun's Mystic Bla  Conj/Tloc      17%        2d5       30%         4
 Confusing Touch          Hex            6%         N/A       32%         3
 Anguish                  Hex/Necr       6%         N/A       43%         4
 Summon Forest            Summ/Tloc      3%         N/A       96%         5
 Summon Mana Viper        Hex/Summ       6%         N/A       96%         5
 Yara's Violent Unravell  Hex/Tmut       3%         3d4       96%         5
 Summon Cactus Giant      Summ           3%         N/A       100%        6
 Enfeeble                 Hex            3%         N/A       100%        7


Dungeon Overview and Level Annotations

Branches:
Dungeon (11/15)            Temple (1/1) D:7
   Lair: D:8-11         Orc: D:9-12

Altars:
Ashenzari
Fedhas
Gozag
Hepliaklqana
Kikubaaqudgha
Makhleb
Nemelex Xobeh
Okawaru
Sif Muna
Vehumet
Wu Jian

Shops:
D:6 *

Annotations:
D:3 1 runed translucent door, exclusions: eye of devastation and oklob plant, Crazy Yiuf
D:4 2 transporters, Descartes's ghost, amateur DEFE
D:8 2 transporters, Maurice
D:9 1 exclusion
D:11 1 exclusion


Innate Abilities, Weirdness & Mutations

You cannot be hasted, slowed, berserked, paralysed or teleported.
You can dig through walls and to a lower floor.
You have a pair of large antennae on your head. (SInv)
Your four strong arms can wield two-handed weapons with a shield.


Message History

The yak attacks as you move away! The yak completely misses you.
The yak attacks as you move away! The yak gores you!
There is a stone staircase leading up here.
The yak misses you. The yak gores you!
You climb upwards.
There is a stone staircase leading down here.
You feel better. The yak gores you but does no damage.
Casting: Searing Ray (safe; 1% risk of failure)
Confirm with . or Enter, or press ? or * to list all spells.
Casting: Frozen Ramparts (safe; 1% risk of failure)
Press: ? - help, Dir - look around, f - activate You feel a surge of power!
The walls around you are covered in ice.
The wall freezes the yak!
The yak barely misses you.
The wall freezes the yak!
Casting: Frozen Ramparts (safe; 1% risk of failure)
Confirm with . or Enter, or press ? or * to list all spells.
Aiming: Searing Ray (safe; 1% risk of failure)
Press: ? - help, Shift-Dir - straight line, f - yak
Aim: a yak (moderately wounded, 87% to hit)
The searing ray hits the yak.
The yak is heavily wounded.
The searing ray hits the yak but does no damage.
The yak is lightly wounded. (Press . to maintain the ray.)
The wall freezes the yak.
The yak gores you.
The wall freezes the yak.
The searing ray misses the yak.
The searing ray hits the yak.
The yak is moderately wounded.
The wall freezes the yak!
The yak gores you!
You die...
Kikubaaqudgha rasps: "You have failed me!
Welcome... death!"

#.##..###.##..
#############..###....#
#...................###
##..########.##....####
##..# ############<.
##.# ###_###_####....
#.###8...8...8##....
#..##.........##....
#..@YY........_#....
#####.........##...)
###8...8...8##....
###_###_####....
###########....
#####.###.##.......
#......##.##.###...
#......##........)#
#.............#####


You could see 2 yaks.

Vanquished Creatures
  Maggie (D:7)
  A hornet (D:8)
  A wyvern (D:8)
  A yak (D:9)
  A steam dragon (D:8)
  Duvessa (D:5)
  An orc warrior (D:6)
  2 ice beasts (D:7)
  2 sky beasts
  A centaur (D:10)
  A bullfrog (D:8)
  5 necrophages
  2 kobold brigands
  3 scorpions
  A gnoll sergeant (D:9)
  Dowan (D:5)
  10 wights
  4 killer bees (D:9)
  5 hounds
  4 orc priests
  3 jellies
  6 iguanas
  4 orc wizards
  7 gnolls
  5 adders
  A shadow imp (D:7)
  2 white imps
  3 ufetubi (D:5)
  A dart slug (D:3)
  24 orcs
  4 bat zombies (D:5)
  4 endoplasms
  2 giant cockroaches
  12 hobgoblins
  4 jackals (D:3)
  12 kobolds
  5 quokkas
  5 ball pythons
  8 bats
  6 frilled lizards
  8 goblins
  An orc zombie (D:9)
  7 rats
  A rat zombie (D:5)
183 creatures vanquished.

Vanquished Creatures (others)
  A kobold (D:8)
1 creature vanquished.

Grand Total: 184 creatures vanquished

Notes
Turn   | Place    | Note
-------+----------+-------------------------------------------
     0 | D:1      | DildoBatman the Formicid Conjurer began the quest for the
                  | Orb.
     0 | D:1      | Reached XP level 1. HP: 13/13 MP: 3/3
   279 | D:1      | Reached XP level 2. HP: 17/19 MP: 0/5
   282 | D:1      | Learned a level 2 spell: Searing Ray
   632 | D:1      | Reached XP level 3. HP: 24/24 MP: 0/6
  1311 | D:2      | Reached XP level 4. HP: 30/30 MP: 3/7
  1513 | D:3      | Reached skill level 5 in Conjurations
  2050 | D:3      | Found a blossoming altar of Fedhas.
  2071 | D:3      | Noticed an oklob plant
  2225 | D:3      | Noticed a great orb of eyes
  2231 | D:3      | Noticed an eye of devastation
  2233 | D:3      | Found a faded altar of an unknown god.
  2246 | D:3      | Found a runed translucent door.
  2247 | D:3      | Noticed Crazy Yiuf
  2263 | D:3      | Noticed a great orb of eyes
  2268 | D:3      | Noticed a golden eye
  2666 | D:4      | Found a transporter.
  2669 | D:4      | Noticed Descartes's ghost (amateur DEFE)
  2670 | D:4      | Found a transporter.
  2706 | D:4      | Reached XP level 5. HP: 18/35 MP: 0/8
  2887 | D:4      | Reached XP level 6. HP: 24/42 MP: 0/9
  2910 | D:4      | Reached skill level 1 in Fighting
  2910 | D:4      | Reached skill level 1 in Armour
  3103 | D:4      | Identified the +3 dire flail "Seh Huif" {vorpal, Will+}
  3103 | D:4      | Noticed an ogre
  3404 | D:4      | Reached XP level 7. HP: 50/50 MP: 9/11
  3723 | D:5      | Entered Level 5 of the Dungeon
  3880 | D:5      | Found an ancient bone altar of Kikubaaqudgha.
  3888 | D:5      | Became a worshipper of Kikubaaqudgha
  3932 | D:5      | Noticed Duvessa
  4112 | D:5      | Found a radiant altar of Vehumet.
  4335 | D:5      | Killed Duvessa
  4368 | D:5      | Noticed Dowan
  4384 | D:5      | Killed Dowan
  4536 | D:5      | Reached skill level 5 in Spellcasting
  4540 | D:5      | Learned a level 3 spell: Frozen Ramparts
  4655 | D:5      | Reached XP level 8. HP: 58/58 MP: 8/15
  4759 | D:5      | Reached skill level 1 in Ice Magic
  4886 | D:6      | Found Zuoci's Assorted Antiques.
  4891 | D:6      | Bought a scroll labelled YRGHOSTR AFAT for 26 gold pieces
  4891 | D:6      | Bought a blue potion for 23 gold pieces
  5126 | D:6      | Reached skill level 2 in Ice Magic
  5126 | D:6      | Reached * piety under Kikubaaqudgha
  5126 | D:6      | Received a gift from Kikubaaqudgha
  5263 | D:6      | Reached skill level 3 in Ice Magic
  5730 | D:7      | Reached skill level 4 in Ice Magic
  5838 | D:7      | Found an ornate altar of the Wu Jian Council.
  5839 | D:7      | Found a sparkling altar of Nemelex Xobeh.
  5841 | D:7      | Found a shimmering blue altar of Sif Muna.
  5841 | D:7      | Found an opulent altar of Gozag.
  5844 | D:7      | Found a burning altar of Makhleb.
  5899 | D:7      | Reached XP level 9. HP: 60/63 MP: 12/19
  5903 | D:7      | Found a broken altar of Ashenzari.
  5932 | D:7      | Reached skill level 5 in Ice Magic
  6137 | D:7      | Reached skill level 6 in Ice Magic
  6147 | D:7      | Found an iron altar of Okawaru.
  6160 | D:7      | Reached ** piety under Kikubaaqudgha
  6361 | D:7      | Found a staircase to the Ecumenical Temple.
  6369 | Temple   | Entered the Ecumenical Temple
  6420 | D:7      | Noticed Maggie
  6543 | D:7      | Killed Maggie
  6544 | D:7      | Reached skill level 7 in Ice Magic
  6735 | D:8      | Noticed a hornet
  6768 | D:8      | Reached skill level 8 in Ice Magic
  6777 | D:8      | Reached XP level 10. HP: 53/70 MP: 3/20
  6777 | D:8      | Noticed Maurice
  6779 | D:8      | You fall into a shaft and drop 3 floors!
  7069 | D:10     | Entered Level 10 of the Dungeon
  7206 | D:8      | Found a transporter.
  7220 | D:8      | Found a transporter.
  7249 | D:8      | Reached skill level 5 in Armour
  7254 | D:8      | Reached skill level 5 in Fighting
  7254 | D:8      | Reached skill level 1 in Necromancy
  7258 | D:8      | You fall into a shaft and drop 1 floor!
  7465 | D:8      | HP: 2/74 [yak (11)]
  7471 | D:7      | Mangled by a yak

Illustrated notes

Levels and vault maps discovered:
D:1:      lemuel_arrival_behind_the_door_small, layout_basic
D:2:      layout_rooms, serial_glass, glass_columns_b, glass_columns_b,
          glass_columns_b, glass_columns_a, minmay_box_of_dots
D:3:      layout_basic, tgw_fedhas, hellmonk_ecumenical_altar_watching_god,
          uniq_crazy_yiuf_cottage
D:4:      layout_cave_pods, gammafunk_ghost_smash, dreamdust_princess_bridge,
          kennysheep_another_room
D:5:      layout_gridville, fiery_altar_vehumet,
          lemuel_zombie_altar_kikubaaqudgha, amcnicky_mini_corridor_feature,
          uniq_duvessa
D:6:      layout_loops_corners, serial_shops, nicolae_stop_n_shop_2,
          minmay_misc_feat_chi, amcnicky_mini_rare_corridor_liquid
D:7:      layout_rooms, ashenzari_conservatory_becter,
          nicolae_overflow_hidden_temple, nicolae_overflow_crystal_walls,
          minmay_temple_entry_proselytizer, uniq_maggie
D:8:      layout_rooms, gammafunk_temple_overflow_statue,
          nicolae_diode_intersection, uniq_maurice
D:9:      layout_basic, nicolae_dithmenos_shadow_blocks, erik_lair_island,
          zombieorc2_lemuel, serial_shops, shop, uniq_erica
D:10:     layout_loops_corners, trog_hazing_becter
D:11:     minmay_polygon_palace, layout_basic, serial_shops, shop, zin_treasury
Temple:   nicolae_temple_ecumenical_triangle

Skill      XL: |  1  2  3  4  5  6  7  8  9 10 |
---------------+-------------------------------+-----
Conjurations   | 4 5 6 |  6.0
Dodging        | 2 3 |  3.0
Fighting       | 2 3 5 |  5.0
Armour         | 2 3 4 5 |  5.0
Spellcasting   | 3 5 6 7 |  7.0
Ice Magic      | 4 8 |  8.0
Necromancy     | 4 |  4.0
Stealth        | |  2.4

Action                   |  1- 3 |  4- 6 |  7- 9 | 10-12 || total
-------------------------+-------+-------+-------+-------++-------
Melee: Unarmed           |     4 |       |       |       ||     4
       Short sword       |     3 |       |       |       ||     3
       Dagger            |    24 |    95 |     8 |       ||   127
       Punch             |       |     2 |     2 |       ||     4
       Whip              |       |     5 |     2 |       ||     7
       Staff             |       |       |    19 |     6 ||    25
       Mace              |       |       |     4 |       ||     4
 Cast: Magic Dart        |    63 |    85 |    54 |     1 ||   203
       Searing Ray       |     1 |     4 |    55 |    12 ||    72
       Frozen Ramparts   |       |       |     8 |     8 ||    16
 Abil: Dig               |       |       |     1 |       ||     1
       Shaft Self        |       |       |       |     2 ||     2
  Use: Scroll            |       |     4 |       |     3 ||     7
       Potion            |       |       |       |     1 ||     1
 Stab: Sleeping          |     2 |     1 |       |       ||     3
Armor: Robe              |     9 |    47 |    37 |       ||    93
       Steam dragon scal |       |       |     3 |    20 ||    23
Dodge: Dodged            |    21 |    92 |    95 |    33 ||   241
